 Dungeon Crawl Stone Soup version 0.26-a0-639-g72c4674329 (webtiles) character file.

Game seed: 11020611908129749473

37 Peloso the Skirmisher (level 3, 0/29 HPs)
             Began as a Demonspawn Fighter on Sept 18, 2020.
             Succumbed to an adder's poison
             ... on level 2 of the Dungeon.
             The game lasted 00:02:32 (1041 turns).

Peloso the Skirmisher (Demonspawn Fighter)          Turns: 1041, Time: 00:02:33

Health: 0/29       AC:  8    Str: 17    XL:     3   Next: 21%
Magic:  3/3        EV:  7    Int:  9    God:
Gold:   89         SH:  9    Dex: 14    Spells: 2/2 levels left

rFire    . . .     SeeInvis .   a - +0 long sword
rCold    . . .     Faith    .   c - +0 kite shield
rNeg     . . .     Spirit   .   b - +0 scale mail
rPois    .         Reflect  .   (no helmet)
rElec    .         Harm     .   (no cloak)
rCorr    .         Rampage  .   h - +1 pair of gloves
MR       .....                  (no boots)
Stlth    +.........             (no amulet)
HPRegen  0.09/turn              (no ring)
MPRegen  0.08/turn              (no ring)

@: lethally poisoned (0 -> -9)
A: claws 1, thin skeletal structure 1
a: no special abilities


You were on level 2 of the Dungeon.
You visited 1 branch of the dungeon, and saw 2 of its levels.

You collected 89 gold pieces.

Inventory:

Hand Weapons
 a - a +0 long sword (weapon)
Armour
 b - a +0 scale mail (worn)
 c - a +0 kite shield (worn)
 h - a +1 pair of gloves (worn)
Scrolls
 e - 2 scrolls of identify {unknown}
 f - a scroll of magic mapping {unknown}
 g - 2 scrolls of teleportation {unknown}
Potions
 d - a potion of might


   Skills:
 + Level 3.2 Fighting
 + Level 2.3 Long Blades
 + Level 3.0 Armour
 + Level 0.4 Dodging
 + Level 3.1 Shields


You had 2 spell levels left.
You didn't know any spells.
Your spell library was empty.

Dungeon Overview and Level Annotations

Branches:
Dungeon (2/15)

Altars:


Innate Abilities, Weirdness & Mutations

You have sharp fingernails.
You have a somewhat thin skeletal structure. (Dex +2, Stealth)


Message History

You are more poisoned.
The adder poisons you!
The jackal bites you but does no damage.
The dart slug launches a dart at you.
The slug dart hits you but does no damage.
You block the adder's attack.
* * * LOW HITPOINT WARNING * * *
You feel sick. The jackal barely misses you. You block the adder's attack.
The jackal barely misses you.
Unknown command.
* * * LOW HITPOINT WARNING * * *
You feel sick. The adder bites you.
* * * LOW HITPOINT WARNING * * *
The jackal bites you but does no damage.
The adder bites you but does no damage.
Unknown command.
* * * LOW HITPOINT WARNING * * *
You feel sick.
Unknown command.
You die...

#. #.! #.##
##...#####
.#........#
.......?.?# .
#.........#####.
#........#.....
#......@....##
#............#.#
#......hS.......
#....$.w<......#
.....###b....$..#
............$.#.#
#####..#......#
..#.......... ...
...........#


You could see an adder, a dart slug, a jackal and a bat.

Vanquished Creatures
  An ooze (D:1)
  3 giant cockroaches (D:1)
  5 goblins
  6 hobgoblins
  4 jackals
  4 bats (D:1)
  2 frilled lizards (D:1)
  3 rats (D:1)
28 creatures vanquished.

Notes
Turn   | Place    | Note
-------+----------+-------------------------------------------
     0 | D:1      | Peloso the Demonspawn Fighter began the quest for the Orb.
     0 | D:1      | Reached XP level 1. HP: 18/18 MP: 1/1
   242 | D:1      | Gained mutation: You have a somewhat thin skeletal
                  | structure. (Dex +2, Stealth) [demonic ancestry]
   242 | D:1      | Reached XP level 2. HP: 20/24 MP: 2/2
   629 | D:1      | Gained mutation: You have sharp fingernails. [demonic
                  | ancestry]
   629 | D:1      | Reached XP level 3. HP: 29/29 MP: 3/3
  1040 | D:2      | HP: 1/29 [poisoned by an adder]
  1041 | D:2      | Succumbed to an adder's poison

Illustrated notes

Levels and vault maps discovered:
D:1:      lemuel_arrival_broad_hall, layout_basic
D:2:      layout_rooms

Skill      XL: |  1  2  3 |
---------------+----------+-----
Shields        | 3 |  3.1
Long Blades    | 2 |  2.3
Armour         | 3 |  3.0
Fighting       | |  3.2
Dodging        | |  0.4

Action                   || total
-------------------------++-------
Melee: Long sword        ||   102
Armor: Scale mail        ||    90
Dodge: Dodged            ||    57
Block: Kite shield       ||    75
       Rpst.: Long sword ||    18

Table legend: (Time is in decaauts)
 A = Elapsed time spent in this place.
 B = Non-inter-level travel time spent in this place.
 C = Inter-level travel time spent in this place.
 D = Time resting spent in this place.
 E = Time spent auto-exploring this place.
 F = Levels seen in this place.
 G = Mean time per level.
                   A        B        C        D        E       F      G
               +--------+--------+--------+--------+--------+-----+--------+
         Total |   1081 |   1038 |     43 |      0 |    737 |   2 |  540.5 |
       Dungeon |   1081 |   1038 |     43 |      0 |    737 |   2 |  540.5 |
               +--------+--------+--------+--------+--------+-----+--------+

Top non-repeatable levels by time:
     D:1: 1037 daAuts
     D:2: 44 daAuts
